 Dungeon Crawl Stone Soup version 0.13.0-13-g27bfa31 (webtiles) character file.

224 Kejsarherre the Skirmisher (level 4, -6/28 HPs)
             Began as a Gargoyle Monk on Oct 19, 2013.
             Mangled by an ogre
             ... wielding a +0,+0 giant club
              (13 damage)
             ... on Level 4 of the Dungeon.
             The game lasted 00:05:06 (2956 turns).

Kejsarherre the Skirmisher (Gargoyle Monk)          Turns: 2956, Time: 00:05:07

HP  -6/28        AC  6     Str 15      XL: 4   Next: 87%
MP   3/3         EV 12     Int 11      God:
Gold 116         SH  0     Dex 12      Spells:  0 memorised,  3 levels left

Res.Fire  : . . .   See Invis. : .   s - +1,+0 hand axe
Res.Cold  : . . .   Warding    : .   a - +0 robe
Life Prot.: + . .   Conserve   : .   (no shield)
Res.Poison: +       Res.Corr.  : .   (no helmet)
Res.Elec. : +       Clarity    : .   t - +0 cloak
Sust.Abil.: . .     Spirit.Shd : .   (no gloves)
Res.Mut.  : .       Stasis     : .   (no boots)
Res.Rott. : +       Flight     : .   (no amulet)
Saprovore : . . .                    (no ring)
                                     (no ring)

@: about to teleport, slightly resistant to hostile enchantments, fairly
stealthy
A: fangs 1, talons 2, life protection 1, electricity resistance, slow metabolism
1, unbreathing, petrification resistance, AC +3
a: no special abilities


You were on level 4 of the Dungeon.
You were very hungry.

You visited 1 branch of the dungeon, and saw 4 of its levels.

You collected 116 gold pieces.

Inventory:

Hand weapons
 s - a +1,+0 hand axe (weapon)
Armour
 a - a +0 robe (worn)
 t - a +0 cloak (worn)
Comestibles
 b - 5 bread rations
 f - an apple
 m - 2 meat rations
Scrolls
 q - a scroll of enchant weapon II {unknown}
 r - a scroll of curse weapon {unknown}
 v - a scroll of curse armour {unknown}
Jewellery
 j - an uncursed ring of regeneration {unknown}
 u - a cursed -3 ring of protection {unknown}
 w - an uncursed ring of wizardry {unknown}
Potions
 c - a potion of invisibility {unknown}
 d - a potion of heal wounds {unknown}
 e - a potion of restore abilities {unknown}
 h - a potion of confusion {unknown}


   Skills:
 + Level 5.6 Fighting
 * Level 1.1 Axes
 - Level 2.4 Dodging
 - Level 2.1 Stealth
 - Level 4.3 Unarmed Combat


You had 3 spell levels left.
You didn't know any spells.

Dungeon Overview and Level Annotations

Branches:
Dungeon (4/27)
 Temple: D:4-7

Altars:

Shops:
D:4 }

Annotations:
D:3 Grinder
D:4 Pikel


Innate Abilities, Weirdness & Mutations

You are resistant to torment.
You are immune to poison.
Your stone body is very resilient (AC +3).
You have very sharp teeth.
You have razor-sharp toenails.
You resist negative energy.
You are resistant to electric shocks.
You have a slow metabolism.
You can survive without breathing.
You are immune to petrification.


Message History

It was a scroll of enchant weapon I.
Read which item? (? for menu, Esc to quit)
As you read the scroll labeled BROXOTRIUQ, it crumbles to dust.
You feel forgetful for a moment.
It was a scroll of amnesia.
Pikel hits you with a glowing whip. Pikel burns you.
The ogre hits you with a giant club.
Read which item? (? for menu, Esc to quit)
As you read the scroll labeled TOM SHESMIE, it crumbles to dust.
Use on which item? (\ to view known items) (? for menu, Esc to quit)
Nothing appears to happen.
The phantom hits you. Pikel hits you with a whip of flaming.
* * * LOW HITPOINT WARNING * * *
Pikel burns you.
* * * LOW HITPOINT WARNING * * *
A slave comes into view.
Read which item? (? for menu, Esc to quit)
As you read the scroll labeled HOKOLE TAIF, it crumbles to dust.
You feel strangely unstable.
It was a scroll of teleportation.
The ogre hits you with a giant club!
You die...

#.# #.# #.# #O#
#p# #.# #.#
################.#
@...@.@K@O.......#
###....p.........#
#.############.#
#.# ###


You could see Pikel, a phantom, an ogre and 3 slaves.

Vanquished Creatures
  4 adders
  2 worms
  A giant gecko (D:2)
  4 orcs (D:3)
  6 giant cockroaches
  8 hobgoblins
  2 jackals (D:1)
  3 kobolds
  2 ball pythons
  4 bats
  5 giant newts
  4 goblins
  2 quokkas (D:3)
  8 rats
55 creatures vanquished.

Notes
Turn   | Place    | Note
--------------------------------------------------------------
     0 | D:1      | Kejsarherre, the Gargoyle Monk, began the quest for the Orb.
     0 | D:1      | Reached XP level 1. HP: 12/12 MP: 0/0
   204 | D:1      | Reached XP level 2. HP: 17/17 MP: 1/1
   607 | D:2      | Reached XP level 3. HP: 20/22 MP: 2/2
   775 | D:2      | Reached skill level 5 in Fighting
   935 | D:2      | Reached XP level 4. HP: 28/28 MP: 3/3
  1606 | D:3      | Noticed Grinder
  1881 | D:3      | Reached skill level 1 in Axes
  2141 | D:3      | Paralysed by Grinder for 3 turns
  2652 | D:4      | Noticed an ogre
  2917 | D:4      | Found Waoragaa's Gadget Emporium.
  2917 | D:4      | Noticed a phantom
  2948 | D:4      | Noticed Pikel
  2949 | D:4      | Noticed a slave
  2950 | D:4      | Noticed a slave
  2952 | D:4      | Noticed a slave
  2956 | D:4      | Noticed a slave
  2956 | D:4      | Mangled by an ogre

Action                   |  1- 3 |  4- 6 || total
-------------------------+-------+-------++-------
Melee: Unarmed           |    90 |     9 ||    99
       Hand axe          |       |    48 ||    48
  Use: Scroll            |       |     7 ||     7
 Stab: Sleeping          |     3 |     3 ||     6
